 Dungeon Crawl Stone Soup version 0.22-a0-803-gd6d8abe (webtiles) character file.

19438 KristoblXynda the Covert (level 12, -4/154 HPs)
             Began as a Naga Gladiator on July 22, 2018.
             Was an Elder of Yredelemnul.
             Engulfed by a cloud of freezing vapour (10 damage)
             ... in an ice cave.
             The game lasted 00:47:57 (13216 turns).

KristoblXynda the Covert (Naga Gladiator)          Turns: 13216, Time: 00:47:58

Health: -4/154     AC: 26    Str: 20    XL:     12   Next: 69%
Magic:  17/17      EV:  1    Int: 13    God:    Yredelemnul [****..]
Gold:   571        SH:  5    Dex: 16    Spells: 11/11 levels left

rFire    + . .     SeeInvis +   B - +3 whip (drain)
rCold    + . .     Gourm    .   w - +0 buckler
rNeg     + + +     Faith    .   (armour currently unavailable)
rPois    +         Spirit   .   (helmet currently unavailable)
rElec    +         Reflect  .   (cloak currently unavailable)
rCorr    +         Harm     .   (gloves currently unavailable)
MR       ++++.     Clarity  +   (no barding) Stlth +++++++...NoTele +
                                v - amulet of the Four Winds {rN+ MR+++ Clar}
HPRegen  0.35/turn              l - +5 ring of evasion
MPRegen  0.15/turn              A - ring "Dicry" {rElec SInv Stlth+}

@: tree-form, resistant
A: large, see invisible, agile 1, clever 1, slow metabolism 1, spit poison 1,
strong 1, AC +4
a: Spit Poison, Recall Undead Slaves, Injury Mirror, Animate Dead, Drain Life,
Renounce Religion


You were in an ice cave.
You worshipped Yredelemnul.
Yredelemnul was greatly pleased with you.
You were not hungry.
You were a tree.
You visited 2 branches of the dungeon, and saw 13 of its levels.
You also visited: Bailey and Ice Cave.

You collected 693 gold pieces.
You spent 122 gold pieces at shops.

Inventory:

Hand Weapons
 n - a +2 whip of flaming
 B - a +3 whip of draining (weapon)
Missiles
 d - 3 throwing nets
 o - 13 javelins of returning (quivered)
Armour
 c - a +0 helmet (melded)
 p - +0 acid dragon scales
 w - a +0 buckler (worn)
 x - a +2 troll leather armour (melded) {Snorg}
Jewellery
 l - a +5 ring of evasion (left branch)
 m - an uncursed ring of positive energy
 s - an uncursed amulet of regeneration
 t - an uncursed ring of protection from fire
 v - the amulet of the Four Winds (around neck) {rN+ MR+++ Clar}
   (You found it on level 8 of the Dungeon)

   [amulet of nothing]

   It protects you from negative energy.
   It affects your resistance to hostile enchantments.
   It protects you against confusion.
 A - the ring "Dicry" (right branch) {rElec SInv Stlth+}
   (You found it in a bailey)

   [ring of see invisible]

   It insulates you from electricity.
   It lets you see invisible.
   It makes you more stealthy.
 J - an uncursed ring of stealth
Wands
 E - a wand of digging (16)
Scrolls
 b - 4 scrolls of remove curse
 r - 5 scrolls of enchant armour
 u - a scroll of magic mapping
 y - a scroll of fog
 z - a scroll of immolation
 C - 5 scrolls of teleportation
Potions
 a - a potion of curing
 e - a potion of might
 g - a potion of brilliance
 h - 3 potions of mutation
 i - a potion of lignification
 k - 2 potions of magic
 q - 3 potions of flight
 F - a potion of resistance
 H - 2 potions of agility {unknown}
Miscellaneous
 D - a sack of spiders
Comestibles
 f - 10 rations
 j - 18 chunks of flesh


   Skills:
 - Level 5.0 Fighting
 + Level 10.7 Maces & Flails
 - Level 3.0 Throwing
 + Level 8.3 Armour
 - Level 4.1 Dodging
 - Level 14.0 Stealth
 - Level 3.2 Shields
 + Level 7.6 Invocations
 + Level 4.8 Evocations


You had 11 spell levels left.
You didn't know any spells.
Your spell library contained the following spells:

 Spells                   Type           Power        Failure   Level  Hunger
 Apportation              Tloc           #.....       30%         1    ##.....
 Invisibility             Hex            #.......     100%        6    #######
 Summon Small Mammal      Summ           #...         30%         1    ##.....
 Summon Ice Beast         Ice/Summ       #.......     97%         4    #####..
 Call Imp                 Summ           #.......     43%         2    ###....
 Tukima's Dance           Hex            #.......     67%         3    ####...
 Call Canine Familiar     Summ           #.......     67%         3    ####...
 Summon Butterflies       Summ           #.......     30%         1    ##.....
 Alistair's Intoxication  Tmut/Pois      #.......     100%        5    ######.
 Summon Lightning Spire   Summ/Air       #.......     97%         4    #####..
 Summon Guardian Golem    Hex/Summ       #.......     67%         3    ####...
 Lesser Beckoning         Tloc           #.........   67%         3    ####...


Dungeon Overview and Level Annotations

Branches:
Dungeon (12/15)            Temple (1/1) D:7            Lair (0/6) D:9
    Orc (0/2) D:10

Altars:
Ashenzari
Cheibriados
Dithmenos
Elyvilon
Fedhas
Gozag
Kikubaaqudgha
Makhleb
Nemelex Xobeh
Okawaru
Qazlal
Ru
Sif Muna
Trog
Uskayaw
Vehumet
Wu Jian
Xom
Yredelemnul
Zin
The Shining One

Shops:
D:4 ?   D:11 ?

Portals:
Trove: D:11 (show abyssal rune of Zot)

Annotations:
D:8 3 runed doors, TheNamelessOne's ghost, novice HaFi
D:11 Sonja


Innate Abilities, Weirdness & Mutations

You cannot wear boots.
((Your serpentine skin is tough. (AC +4)))
You have supernaturally acute eyesight. (SInv)
((Armour fits poorly on your strangely shaped body.))
((Your system is resistant to poisons. (rPois)))
((You cover ground very slowly.))
You have a slow metabolism.
You can spit poison.
((Your tail ends in a poisonous barb.))
You are agile. (Dex +2)
Your mind is acute. (Int +2)
Your muscles are strong. (Str +2)


Message History

Your polar bear zombie claws the ice beast but does no damage.
You whack the ice statue!
You destroy the ice statue!
Yredelemnul accepts your kill.
The ice beast disappears in a puff of smoke! x3
You are engulfed in freezing vapours.
You resist.
* * * LOW HITPOINT WARNING * * *
Unknown command.
You are engulfed in freezing vapours.
You resist.
Your polar bear zombie is engulfed in freezing vapours. x2
You are engulfed in freezing vapours.
You resist.
Your polar bear zombie is engulfed in freezing vapours.
You start resting.
Eating one of 19 chunks of flesh.
You eat one of the 19 chunks of flesh.
This raw flesh tastes terrible.
Your polar bear zombie is engulfed in freezing vapours.
You start resting.
You are engulfed in freezing vapours.
You resist.
You die...
Your body rises from the dead as a mindless zombie.

##### ##...### #
#......## ## .
#..##...## §#.
#...##...### #§###
##..####...####§§§#
#...####...##§Z♣#
#....# #..##.§Z##
#∩..####..###..#
##..∩##..####..#
#####...Z.#..##
##.#...### #######


You could see 2 friendly polar bear zombies.

Vanquished Creatures
  Snorg (D:10)
  Erolcha (D:10)
  An ice dragon (D:12)
  Erica (D:11)
  2 two-headed ogres (D:10)
  Nergalle (D:10)
  An unseen horror (D:11)
  An ice statue (IceCv)
  2 centaur zombies (D:12)
  Psyche (D:8)
  A rime drake (D:12)
  A guardian mummy (D:11)
  A queen bee (D:11)
  2 trolls
  3 polar bears
  Grinder (D:5)
  A hippogriff (D:7)
  A vampire (D:11)
  A shadow (D:11)
  14 yaks
  Grum (D:8)
  3 wargs (D:10)
  An acid dragon (D:12)
  12 orc warriors
  3 ice beasts
  2 necrophages
  An eye of draining (D:8)
  2 sky beasts
  4 ogres
  6 wolves
  13 centaurs
  2 big kobolds
  7 bullfrogs
  A water moccasin skeleton (D:7)
  3 scorpions
  10 killer bees (D:11)
  3 electric eels (D:6)
  5 howler monkeys
  2 bullfrog zombies
  5 crimson imps
  2 quasits (D:9)
  4 jellies
  A centaur skeleton (D:6)
  A gnoll shaman (D:8)
  3 orc priests
  Terence (D:3)
  A bullfrog skeleton (D:10)
  12 orc wizards
  7 worker ants
  A killer bee zombie (D:8)
  A hound skeleton (D:10)
  A hound zombie (D:10)
  14 adders
  14 gnolls
  A shadow imp (D:6)
  An ooze (D:2)
  2 adder zombies
  An adder skeleton (D:7)
  2 worms (D:2)
  3 dart slugs
  5 leopard geckos
  56 orcs
  5 giant cockroaches
  8 goblins
  7 hobgoblins
  3 jackals
  15 kobolds
  3 quokkas
  7 bats
  3 frilled lizards
  A leopard gecko skeleton (D:6)
  A quokka skeleton (D:2)
  7 rats
  A butterfly (D:7)
319 creatures vanquished.

Vanquished Creatures (collateral kills)
  A hydra (D:11)
  A guardian mummy (D:11)
  A troll (D:11)
  A hippogriff (D:11)
  2 orc warriors
  A black bear (D:11)
  6 killer bees (D:11)
  An orc priest (D:11)
  A hound (D:11)
  A shadow imp (D:11)
  5 orcs (D:11)
  2 goblins (D:11)
23 creatures vanquished.

Vanquished Creatures (others)
  A wolf zombie (IceCv)
  A wolf skeleton (IceCv)
  A centaur skeleton (Bailey)
  4 killer bee zombies (D:11)
  2 orc skeletons
  6 orc zombies
15 creatures vanquished.

Grand Total: 357 creatures vanquished

Notes
Turn   | Place    | Note
-------+----------+-------------------------------------------
     0 | D:1      | KristoblXynda the Naga Gladiator began the quest for the Orb.
     0 | D:1      | Reached XP level 1. HP: 19/19 MP: 1/1
   183 | D:1      | Reached XP level 2. HP: 21/26 MP: 2/2
   573 | D:1      | Noticed a troll
   704 | D:2      | Reached XP level 3. HP: 17/32 MP: 3/3
   980 | D:2      | Reached XP level 4. HP: 30/39 MP: 4/4
  1650 | D:3      | Reached XP level 5. HP: 29/45 MP: 5/5
  2185 | D:3      | Noticed Terence
  2196 | D:3      | Killed Terence
  2196 | D:3      | Reached skill level 1 in Stealth
  2731 | D:4      | Reached skill level 1 in Armour
  2731 | D:4      | Reached skill level 2 in Stealth
  2972 | D:4      | Noticed a sky beast
  2980 | D:4      | Killed a sky beast
  2980 | D:4      | Reached XP level 6. HP: 48/52 MP: 6/6
  3051 | D:4      | Reached skill level 3 in Stealth
  3212 | D:4      | Found Diumm's Magic Scroll Boutique.
  3219 | D:4      | Bought a scroll of identify for 20 gold pieces
  3241 | D:4      | Found a sparkling altar of Nemelex Xobeh.
  3472 | D:5      | Entered Level 5 of the Dungeon
  3615 | D:5      | Reached XP level 7. HP: 51/60 MP: 7/7
  3637 | D:5      | Gained mutation: You tend to lose your temper in combat. [potion of mutation]
  3637 | D:5      | Gained mutation: Your movements are slightly less encumbered by armour. (ER -2) [potion of mutation]
  3637 | D:5      | Gained mutation: You are partially covered in iridescent scales. (AC +2) [potion of mutation]
  3668 | D:5      | Reached skill level 4 in Stealth
  3676 | D:5      | Reached skill level 5 in Maces & Flails
  3698 | D:5      | Lost mutation: You are partially covered in iridescent scales. (AC +2) [potion of mutation]
  3698 | D:5      | Lost mutation: You tend to lose your temper in combat. [potion of mutation]
  3698 | D:5      | Lost mutation: Your movements are slightly less encumbered by armour. (ER -2) [potion of mutation]
  3698 | D:5      | Gained mutation: Your muscles are strong. (Str +2) [potion of mutation]
  3698 | D:5      | Gained mutation: You are agile. (Dex +2) [potion of mutation]
  3698 | D:5      | Gained mutation: Your tail ends in a poisonous barb. [potion of mutation]
  3698 | D:5      | Gained mutation: Your mind is acute. (Int +2) [potion of mutation]
  3803 | D:5      | Noticed Grinder
  3838 | D:5      | Reached skill level 5 in Stealth
  3844 | D:5      | Killed Grinder
  3844 | D:5      | Reached skill level 1 in Shields
  3844 | D:5      | Reached XP level 8. HP: 43/67 MP: 8/8
  4111 | D:5      | Reached skill level 6 in Stealth
  4952 | D:6      | Reached skill level 7 in Stealth
  5101 | D:6      | Found a shattered altar of Ashenzari.
  5234 | D:6      | Reached XP level 9. HP: 34/73 MP: 9/9
  5375 | D:6      | Reached skill level 8 in Stealth
  6524 | D:7      | Reached skill level 9 in Stealth
  6530 | D:7      | Found a staircase to the Ecumenical Temple.
  6541 | Temple   | Entered the Ecumenical Temple
  6567 | Temple   | Became a worshipper of Yredelemnul the Dark
  7380 | D:8      | Reached skill level 5 in Armour
  7393 | D:8      | Noticed Grum
  7864 | D:9      | Noticed a troll
  7870 | D:9      | Killed a troll
  7870 | D:9      | Reached skill level 10 in Stealth
  7870 | D:9      | Reached XP level 10. HP: 79/86 MP: 10/10
  7973 | D:9      | Found a staircase to the Lair.
  8315 | D:8      | Found a runed gate.
  8318 | D:8      | Found a runed gate.
  8320 | D:8      | Found a runed gate.
  8320 | D:8      | Noticed TheNamelessOne's ghost (novice HaFi)
  8505 | D:8      | Killed Grum
  8515 | D:8      | Noticed Psyche
  8526 | D:8      | Killed Psyche
  8526 | D:8      | Reached skill level 5 in Fighting
  8735 | D:8      | Found the amulet of the Four Winds {rN+ MR+++ Clar}
  8837 | D:8      | Reached * piety under Yredelemnul
  9002 | D:8      | Reached skill level 1 in Invocations
  9026 | D:10     | Entered Level 10 of the Dungeon
  9091 | D:10     | Found a staircase to the Orcish Mines.
  9104 | D:10     | Reached skill level 11 in Stealth
  9250 | D:10     | Noticed Erolcha
  9250 | D:10     | Noticed a two-headed ogre
  9449 | D:10     | Noticed Snorg
  9679 | D:10     | Noticed a two-headed ogre
  9705 | D:10     | Killed a two-headed ogre
  9705 | D:10     | Reached XP level 11. HP: 71/94 MP: 13/13
  9707 | D:10     | Reached skill level 12 in Stealth
  9832 | D:10     | Killed Snorg
 10097 | D:10     | Killed Erolcha
 10111 | D:10     | Killed a two-headed ogre
 10147 | D:10     | Noticed Nergalle
 10185 | D:10     | Killed Nergalle
 10185 | D:10     | Reached skill level 5 in Invocations
 10318 | D:11     | Reached skill level 1 in Evocations
 10323 | D:11     | Reached skill level 13 in Stealth
 10329 | D:11     | Noticed Erica
 10372 | D:11     | Noticed Sonja
 10406 | D:11     | Reached ** piety under Yredelemnul
 10410 | D:11     | Found Boercha's Magic Scroll Boutique.
 10437 | D:11     | Found a flagged portal.
 10458 | Bailey   | Entered a bailey
 10993 | Bailey   | Reached *** piety under Yredelemnul
 11210 | Bailey   | Got a flickering marble ring
 11215 | Bailey   | Got a dazzling falchion
 11856 | D:11     | Noticed an unseen horror
 11868 | D:11     | Noticed a four-headed hydra
 11880 | D:11     | Killed a four-headed hydra
 11880 | D:11     | Reached skill level 10 in Maces & Flails
 11903 | D:11     | Reached XP level 12. HP: 102/103 MP: 16/16
 12057 | D:11     | Killed Erica
 12070 | D:11     | Found a portal to a secret trove of treasure.
 12116 | D:11     | Identified the +4 falchion of the Briny Deep {elec, Dex+4} (You found it in a bailey)
 12399 | D:11     | Reached **** piety under Yredelemnul
 12550 | D:11     | Reached skill level 14 in Stealth
 12569 | D:11     | Bought a scroll of teleportation for 51 gold pieces
 12569 | D:11     | Bought a scroll of teleportation for 51 gold pieces
 12756 | D:12     | Identified the ring "Dicry" {rElec SInv Stlth+} (You found it in a bailey)
 12960 | D:12     | Found a frozen archway.
 12962 | D:12     | Noticed an ice dragon
 13007 | D:12     | Killed an ice dragon
 13055 | IceCv    | Entered an ice cave
 13200 | IceCv    | HP: 2/103 [ice statue] (21)]
 13209 | IceCv    | HP: 7/154 [ice statue] (4)]
 13216 | IceCv    | Engulfed by a cloud of freezing vapour

Vault maps used:
D:1:      erik_arrival_cave_to_civilisation
D:3:      uniq_terence
D:4:      serial_shops, shop, serial_glass, glass_columns_b, glass_columns_c,
          nemelex_xobeh_ov_fountains_minmay
D:5:      first_ration, chequers_big_river, uniq_grinder
D:6:      wad_lake_hut, basic_altar
D:7:      nicolae_overflow_hidden_temple, minmay_temple_entry_butterflies
D:8:      gammafunk_ghost_necromancy, uniq_psyche, uniq_grum
D:9:      dpeg_oklobed_lair
D:10:     minmay_orc_entry_guard_dogs, uniq_erolcha, uniq_nergalle, uniq_snorg
D:11:     serial_shops, kennysheep_little_box, lightli_bailey_entry_fortress,
          nicolae_trove_entry_path_of_doom, david_nohive_1, uniq_sonja,
          uniq_erica
D:12:     portal_ice_cave_entry_animals_and_master, hangedman_decor_points,
          nicolae_benzene_ring
Temple:   compressed_dpeg_circular_temple
Bailey:   bailey_polearm_flooded_kennysheep, bailey
IceCv:    ice_cave_caverns_03

Skill      XL: |  1  2  3  4  5  6  7  8  9 10 11 12 |
---------------+-------------------------------------+-----
Throwing       | 2 3 |  3.0
Dodging        | 3 4 |  4.1
Maces & Flails | 4 5 6 7 8 10 | 10.7
Stealth        | 2 3 5 7 10 11 13 14 | 14.0
Armour         | 1 2 4 5 6 7 8 |  8.3
Shields        | 1 3 |  3.2
Fighting       | 4 5 |  5.0
Invocations    | 3 6 7 |  7.6
Evocations     | 2 4 |  4.8

Action                   |  1- 3 |  4- 6 |  7- 9 | 10-12 || total
-------------------------+-------+-------+-------+-------++-------
Melee: Flail             |    19 |       |       |       ||    19
       Whip              |    49 |   174 |   443 |   893 ||  1559
       Tailslap          |       |       |    59 |   171 ||   230
Throw: Throwing net      |       |     1 |       |       ||     1
       Javelin           |       |       |       |     6 ||     6
Invok: Animate Dead      |       |       |       |    19 ||    19
       Animate Remains   |       |       |       |     3 ||     3
       Drain Life        |       |       |       |     1 ||     1
 Abil: Spit Poison       |     5 |     1 |    17 |    42 ||    65
Evoke: Wand              |       |       |     8 |    15 ||    23
  Use: Scroll            |       |    13 |     6 |     7 ||    26
       Potion            |       |       |     8 |    11 ||    19
 Stab: Sleeping          |       |     1 |     7 |    12 ||    20
       Distracted        |       |       |     1 |     9 ||    10
       Paralysed         |       |       |       |     1 ||     1
  Eat: Chunk             |       |     4 |     5 |    13 ||    22
       Ration            |       |     1 |     3 |     3 ||     7
Armor: Leather armour    |     7 |       |       |       ||     7
       Ring mail         |    12 |    45 |    97 |    44 ||   198
       Skin              |       |       |   129 |    31 ||   160
       Troll leather arm |       |       |       |   143 ||   143
Dodge: Dodged            |    53 |   129 |   258 |   644 ||  1084
Block: Buckler           |       |       |    85 |   227 ||   312

Table legend:
 A = Spawn XP
 B = Non-spawn XP
 C = Spawn XP percentage of total XP
 D = Spawn monster count
 E = Non-spawn monster count
 F = Spawn count percentage of total count
 G = Total turns spent on level
                    A         B        C        D         E        F      G
               +---------+---------+-------+---------+---------+-------+---------
         Total |       0 |   27769 |   0.0 |       0 |     341 |   0.0 | 13216
               +---------+---------+-------+---------+---------+-------+---------
           D:1 |       0 |      22 |   0.0 |       0 |      13 |   0.0 |   687
           D:2 |       0 |      95 |   0.0 |       0 |      21 |   0.0 |   805
           D:3 |       0 |     148 |   0.0 |       0 |      29 |   0.0 |  1191
           D:4 |       0 |     293 |   0.0 |       0 |       6 |   0.0 |   789
           D:5 |       0 |     931 |   0.0 |       0 |      38 |   0.0 |  1214
           D:6 |       0 |    1171 |   0.0 |       0 |      27 |   0.0 |  1391
           D:7 |       0 |    1408 |   0.0 |       0 |      23 |   0.0 |  1171
           D:8 |       0 |    1740 |   0.0 |       0 |      23 |   0.0 |   943
           D:9 |       0 |     869 |   0.0 |       0 |      12 |   0.0 |   738
          D:10 |       0 |    7148 |   0.0 |       0 |      32 |   0.0 |  1251
          D:11 |       0 |    6836 |   0.0 |       0 |      61 |   0.0 |  1096
          D:12 |       0 |    3630 |   0.0 |       0 |      11 |   0.0 |   335
        Bailey |       0 |    2155 |   0.0 |       0 |      39 |   0.0 |  1347
         IceCv |       0 |    1323 |   0.0 |       0 |       6 |   0.0 |   161
               +---------+---------+-------+---------+---------+-------+---------
